 Dungeon Crawl Stone Soup version 0.28.0 (webtiles) character file.

Game seed: 15053052937928245497

360 a3don the Chiller (level 6, -1/57 HPs)
             Began as a Troll Ice Elementalist on Feb 14, 2022.
             Slain by Duvessa (9 damage)
             ... on level 5 of the Dungeon.
             The game lasted 00:06:09 (4099 turns).

a3don the Chiller (Troll Ice Elementalist)          Turns: 4099, Time: 00:06:10

Health: -1/57      AC:  4    Str: 17    XL:     6   Next: 38%
Magic:  3/9        EV:  9    Int: 13    God:
Gold:   117        SH:  0    Dex: 10    Spells: 3/10 levels left

rFire   . . .      SeeInvis .   (no weapon)
rCold   . . .      Faith    .   (no shield)
rNeg    . . .      Spirit   .   a - +0 robe
rPois   .          Reflect  .   (helmet restricted)
rElec   .          Harm     .   (no cloak)
rCorr   .          Rampage  .   (gloves unavailable)
Will    .....                   (boots unavailable)
Stlth   +.........              (no amulet)
HPRegen 0.99/turn               (no ring)
MPRegen 0.11/turn               (no ring)

@: freezing walls
A: large, unfitting armour, claws 3, regeneration 1, shaggy fur 1, tough skin 1
a: no special abilities


You were on level 5 of the Dungeon.
You visited 1 branch of the dungeon, and saw 5 of its levels.

You collected 117 gold pieces.

Inventory:

Missiles
 i - 10 poisoned darts
Armour
 a - a +0 robe (worn)
Magical Staves
 l - a staff of fire
 q - a staff of conjuration
 t - a staff of death
Jewellery
 k - an amulet of guardian spirit
Wands
 p - a wand of digging (5)
Scrolls
 c - a scroll of amnesia
 d - 2 scrolls of teleportation {unknown}
 h - a scroll of noise {unknown}
 j - a scroll of magic mapping {unknown}
 m - a scroll of immolation {unknown}
 s - a scroll of silence {unknown}
Potions
 b - 2 potions of brilliance {unknown}
 e - 3 potions of flight {unknown}
 f - a potion of might {unknown}
 g - 4 potions of heal wounds {unknown}
 n - 2 potions of curing {unknown}
 o - 2 potions of haste {unknown}
 r - a potion of resistance {unknown}


   Skills:
 + Level 1.7 Fighting
 - Level 1.5 Dodging
 - Level 1.0 Stealth
 + Level 2.9 Spellcasting
 + Level 4.4 Ice Magic


You had 3 spell levels left.
You knew the following spells:

 Your Spells              Type           Power      Damage    Failure   Level
a - Freeze                Ice            52%        1d7       3%          1
b - Frozen Ramparts       Ice            26%        1d4       11%         3
c - Ozocubu's Armour      Ice            13%        N/A       11%         3

Your spell library contained the following spells:

 Spells                   Type           Power      Damage    Failure   Level
 Blink                    Tloc           2%         N/A       34%         2
 Hailstorm                Conj/Ice       7%         3d4       67%         4
 Manifold Assault         Tloc           1%         N/A       100%        5
 Storm Form               Tmut/Air       0%         N/A       100%        7


Dungeon Overview and Level Annotations

Branches:
Dungeon (5/15)
 Temple: D:4-7

Altars:
Cheibriados

Shops:
D:2 [   D:3 [   D:5 :

Annotations:
D:5 Duvessa


Innate Abilities, Weirdness & Mutations

You are too large for most types of armour.
You have claws for hands.
Your natural rate of healing is unusually fast.
You are covered in fur. (AC +1)
You have tough skin. (AC +1)


Message History

You freeze Duvessa.
Duvessa is lightly wounded.
The wall freezes Duvessa.
Duvessa closely misses you.
You barely miss Duvessa.
Duvessa is lightly wounded.
The wall freezes Duvessa.
Duvessa hits you with a +0 rapier!
You scratch Duvessa but do no damage.
Duvessa is moderately wounded.
You hear the slow rusting of a very distant drain.
The wall freezes Duvessa.
Duvessa hits you with a +0 rapier!
You scratch Duvessa.
Duvessa is moderately wounded.
The wall freezes Duvessa.
Duvessa hits you with a +0 rapier!
You closely miss Duvessa.
Duvessa is heavily wounded.
The frozen ramparts melt away.
Duvessa hits you with a +0 rapier!
Casting: Freeze (safe; 3% risk of failure)
Confirm with . or Enter, or press ? or * to list all spells.
Casting: Frozen Ramparts (dangerous; 11% risk of failure)
Press: ? - help, Dir - look around, f - activate The walls around you are covered in ice.
The wall freezes Duvessa.
Duvessa hits you with a +0 rapier!
* * * LOW HITPOINT WARNING * * *
You scratch Duvessa but do no damage.
Duvessa is heavily wounded.
The wall freezes Duvessa.
Duvessa hits you but does no damage.
You closely miss Duvessa.
Duvessa is heavily wounded.
The wall freezes Duvessa.
Duvessa hits you with a +0 rapier.
* * * LOW HITPOINT WARNING * * *
Okay, then.
Okay, then.
Okay, then.
You scratch Duvessa.
Duvessa is severely wounded.
The wall freezes Duvessa.
Duvessa closely misses you.
You scratch Duvessa.
Duvessa is almost dead.
The wall freezes Duvessa.
Duvessa hits you with a +0 rapier!
You die...

... ###.. ..###########
....## .......e@...#
..... .#####.####.####
....##... #.###..(..#
....##.#. #...#..##.#
#........ #.#.#..##.#
#)#......#####.......#.#
.).............###.#.#.#
.#.#.........### #.#.#[#
.#.#.........# #.....#


You could see Duvessa.

Vanquished Creatures
  A water moccasin zombie (D:4)
  A hound (D:5)
  An iguana (D:4)
  Terence (D:3)
  2 orc wizards
  Robin (D:3)
  4 gnolls (D:3)
  2 adders
  An adder skeleton (D:4)
  3 worms
  13 orcs
  5 bats
  3 endoplasms
  12 goblins
  11 hobgoblins
  5 jackals
  2 quokkas
  6 ball pythons
  7 kobolds
  3 rats
84 creatures vanquished.

Notes
Turn   | Place    | Note
-------+----------+-------------------------------------------
     0 | D:1      | a3don the Troll Ice Elementalist began the quest for the
                  | Orb.
     0 | D:1      | Reached XP level 1. HP: 16/16 MP: 1/1
    64 | D:1      | Reached skill level 3 in Ice Magic
   295 | D:1      | Reached XP level 2. HP: 20/24 MP: 1/3
  1029 | D:2      | Found a snail-covered altar of Cheibriados.
  1092 | D:2      | Found Emurch's Armour Emporium.
  1105 | D:2      | Found a faded altar of an unknown god.
  1233 | D:2      | Reached XP level 3. HP: 11/31 MP: 0/4
  1274 | D:2      | Learned a level 3 spell: Frozen Ramparts
  2029 | D:3      | Noticed Robin
  2043 | D:3      | Killed Robin
  2044 | D:3      | Reached XP level 4. HP: 31/39 MP: 3/6
  2471 | D:3      | Reached skill level 4 in Ice Magic
  2471 | D:3      | Reached XP level 5. HP: 25/45 MP: 3/7
  2606 | D:3      | Learned a level 3 spell: Ozocubu's Armour
  2705 | D:3      | Noticed Terence
  2706 | D:3      | Found Ymuaquor's Antique Armour Emporium.
  2713 | D:3      | Killed Terence
  3161 | D:4      | Reached skill level 1 in Fighting
  3386 | D:4      | Reached XP level 6. HP: 54/55 MP: 9/9
  3941 | D:5      | Entered Level 5 of the Dungeon
  3947 | D:5      | Found Web Qurr's Book Boutique.
  4084 | D:5      | Noticed Duvessa
  4099 | D:5      | Slain by Duvessa

Illustrated notes

Levels and vault maps discovered:
D:1:      dpeg_arrival_water_temple_mockup, layout_loops_corners,
          minmay_shallow_snake_nest
D:2:      layout_rooms, serial_glass, glass_columns_c, glass_columns_a,
          glass_columns_b, ebering_ecumenical_altar_webs, serial_shops,
          nicolae_shop_hallway_stairs, basic_altar
D:3:      layout_basic, serial_shops, shop, supply_closet_lemuel, uniq_robin,
          uniq_terence
D:4:      layout_basic
D:5:      layout_loops_cross, serial_shops, nicolae_stop_n_shop_1,
          cheibrodos_sewer_entry_bend, minmay_fractal_squares_diagonal_5,
          uniq_duvessa, uniq_pikel

Skill      XL: |  1  2  3  4  5 |
---------------+----------------+-----
Ice Magic      | 3 4 |  4.4
Spellcasting   | 2 |  2.9
Fighting       | 1 |  1.7
Dodging        | |  1.5
Stealth        | |  1.0

Action                   |  1- 3 |  4- 6 || total
-------------------------+-------+-------++-------
Melee: Unarmed           |   134 |   117 ||   251
       Punch             |     2 |     1 ||     3
 Cast: Freeze            |     3 |     6 ||     9
       Frozen Ramparts   |     1 |    10 ||    11
  Use: Scroll            |       |     1 ||     1
 Stab: Sleeping          |     2 |       ||     2
Armor: Robe              |    37 |    31 ||    68
Dodge: Dodged            |    48 |    47 ||    95
